 Dungeon Crawl Stone Soup version 0.18-a0-844-g9229740 (webtiles) character file.

22611 deanyohobro the Cleaver (level 12, -6/108 HPs)
             Began as a Minotaur Fighter on Dec 17, 2015.
             Was an Elder of the Shining One.
             Killed from afar by a fire dragon (40 damage)
             ... with a blast of flame
             ... on level 12 of the Dungeon on Dec 18, 2015.
             The game lasted 01:05:27 (16253 turns).

deanyohobro the Cleaver (Minotaur Fighter)         Turns: 16253, Time: 01:05:27

Health: -6/108     AC: 17    Str: 26    XL:     12   Next: 64%
Magic:  26/26      EV:  4    Int:  5    God:    the Shining One [****..]
Gold:   975        SH: 25    Dex: 10    Spells: 0 memorised, 11 levels left

rFire  . . .     SeeInvis +     L - +2 war axe (freeze)
rCold  . . .     Gourm    .     H - +0 plate armour
rNeg   + + .     Faith    .     t - +0 shield
rPois  .         Spirit   .     (helmet restricted)
rElec  .         Dismiss  .     (no cloak)
rCorr  .         Reflect  +     x - +2 pair of gloves
SustAt .         Harm     .     (no boots)
MR     .....                    j - +5 amulet of reflection
Stlth  ..........               A - ring of magical power
                                I - ring of see invisible

@: divine shield, very slightly contaminated, glowing, not resistant to hostile
enchantments, extremely unstealthy
A: retaliatory headbutt, horns 2
a: Divine Shield, Cleansing Flame, Renounce Religion


You were on level 12 of the Dungeon.
You worshipped the Shining One.
The Shining One was greatly pleased with you.
You were not hungry.

You visited 2 branches of the dungeon, and saw 14 of its levels.
You also visited: Ossuary.

You collected 975 gold pieces.

Inventory:

Hand Weapons
 a - a +1 flail of protection
 L - a +2 war axe of freezing (weapon)
Missiles
 y - 14 tomahawks (quivered)
Armour
 t - a +0 shield (worn)
 x - a +2 pair of gloves (worn)
 H - a +0 plate armour (worn)
Jewellery
 j - a +5 amulet of reflection (around neck)
 z - an uncursed ring of protection from cold {unknown}
 A - a ring of magical power (right hand)
 C - an uncursed amulet of regeneration
 I - a ring of see invisible (left hand)
 Q - an uncursed ring of ice
Wands
 d - a wand of disintegration (12)
 l - a wand of slowing (18)
 o - a wand of enslavement (1)
 K - a wand of digging (7)
 P - a wand of confusion (20)
 R - a wand of disintegration (17)
 T - a wand of paralysis (13)
 X - a wand of enslavement (5)
 Y - a wand of fireball (10)
Scrolls
 h - 10 scrolls of identify
 k - 2 scrolls of fog
 m - 2 scrolls of enchant armour
 n - 5 scrolls of recharging
 p - 6 scrolls of teleportation
 u - 6 scrolls of remove curse
 E - 4 scrolls of blinking
 F - a scroll of fear
 Z - a scroll of magic mapping
Potions
 b - 2 potions of heal wounds
 c - 2 potions of magic {unknown}
 e - 3 potions of curing
 r - a potion of haste {unknown}
 s - 2 potions of resistance {unknown}
 w - 3 potions of flight {unknown}
 B - 5 potions of brilliance
 D - 3 potions of poison {unknown}
 J - 2 potions of lignification {unknown}
 N - 2 potions of agility
 W - a potion of ambrosia {unknown}
Books
 q - a book of Necromancy

   Spells                             Type                      Level
   a - Pain                           Necromancy                   1
   b - Animate Skeleton               Necromancy                   1
   c - Vampiric Draining              Necromancy                   3
   d - Regeneration                   Charms/Necromancy            3
   e - Animate Dead                   Necromancy                   4
   f - Control Undead                 Necromancy                   4
   The Shining One disapproves of the use of such an item.
Miscellaneous
 V - a sack of spiders
Comestibles
 f - 10 bread rations
 g - a slice of pizza
 i - 7 meat rations
 v - a beef jerky


   Skills:
 - Level 10.9 Fighting
 + Level 14.6 Axes
 - Level 8.4 Armour
 - Level 9.3 Dodging
 * Level 9.0 Shields
 * Level 8.3 Invocations


You had 11 spell levels left.
You didn't know any spells.

Dungeon Overview and Level Annotations

Branches:
Dungeon (13/15)            Temple (1/1) D:7            Lair (0/8) D:11
    Orc (0/2) D:11
 Vaults: D:13-14

Altars:
Ashenzari
Cheibriados
Dithmenos
Elyvilon
Fedhas
Gozag
Kikubaaqudgha
Makhleb
Nemelex Xobeh
Okawaru
Pakellas
Qazlal
Ru
Sif Muna
Trog
Vehumet
Xom
Yredelemnul
Zin
The Shining One
Beogh

Shops:
D:13 [

Portals:
Trove: D:12 (show abyssal rune of Zot)

Annotations:
D:10 4 runed doors


Innate Abilities, Weirdness & Mutations

You reflexively headbutt those who attack you in melee.
You have a pair of horns on your head.


Message History

The fire dragon is lightly wounded.
You block the fire dragon's attack. The fire dragon barely misses you.
You block the fire dragon's attack.
You barely miss the fire dragon.
The fire dragon is lightly wounded.
The fire dragon breathes flames at you. The blast of flame hits you!
* * * LOW HITPOINT WARNING * * *
Drink which item? (? for menu, Esc to quit)
You feel much better. You block the fire dragon's attack.
You block the fire dragon's attack. x2
Read which item? (? for menu, Esc to quit)
Blink to where?
Press: ? - help, Dir - move target cursor You are very lightly contaminated with residual magic.
As you read the scroll of blinking, it crumbles to dust.
There is a stone staircase leading up here.
The fire dragon breathes flames at you. The blast of flame hits you!
You die...

#...........# #.###.#
#.###.......# #.# #.. #.#
#....)..#####.###.# #.#
#..........##.....# #D#
#.......#...#.#.### #.#
#.............#.# # #.#
#.............#.### #.#
##.#...ยง...........
###.####@####........####
#####...D....# ##.>...#.#
#####.........#########[.....###
.....#........#####............#
###.#.#.......)..........#####.#
#.##....#...#####.####.# #.#
#.##..###...# #.# #.# #)#
#.##..###...# #[# #.# #.#
#.##.....%..#####.####.### #.#


You could see a fire dragon.

Vanquished Creatures
  2 hydras (D:12)
  A tengu warrior (D:12)
  4 skeletal warriors (D:12)
  An orc knight (D:11)
  2 hill giants (D:10)
  2 ugly things (D:12)
  The ghost of Gorice the Nimble, a novice FeWn (D:9)
  A wyvern (D:12)
  2 manticores (D:12)
  A centaur zombie (D:12)
  A gargoyle (D:12)
  The ghost of herpmino the Shield-Bearer, a novice FoFi of Okawaru (Ossuary)
  A komodo dragon (D:12)
  A kobold demonologist (D:10)
  A troll (D:12)
  Prince Ribbit (D:5)
  Grinder (D:3)
  A two-headed ogre (D:8)
  A trapdoor spider zombie (D:11)
  A slime creature (D:13)
  3 wraiths
  2 shadows (D:12)
  A spriggan (D:7)
  21 yaks
  Eustachio (D:6)
  2 hungry ghosts (D:7)
  A hippogriff (D:8)
  A mottled dragon (D:11)
  A warg (D:11)
  Menkaure (D:7)
  2 orc warriors (D:11)
  Duvessa (D:7)
  7 ice beasts
  A black bear (D:12)
  5 phantoms
  6 sky beasts
  A crocodile (D:12)
  8 ogres
  3 centaurs
  3 big kobolds
  2 elf zombies (Ossuary)
  7 giant frogs
  Dowan (D:7)
  2 scorpions
  4 wyvern skeletons
  A water moccasin skeleton (D:10)
  11 killer bees
  5 wights (D:8)
  5 crimson imps
  A giant frog zombie (D:10)
  3 jellies
  5 orc priests
  6 hounds
  6 orc wizards
  A gnoll shaman (D:4)
  2 human zombies (Ossuary)
  5 centaur skeletons
  3 giant frog skeletons
  3 iguanas
  Terence (D:2)
  Ijyb (D:3)
  Natasha (twice) (D:3)
  13 worker ants
  A hound zombie (D:10)
  A spectral worker ant (D:10)
  A hound skeleton (D:8)
  2 mummies (Ossuary)
  A worker ant zombie (D:9)
  7 gnolls
  17 adders
  A river rat (D:11)
  4 shadow imps
  7 white imps
  An ooze (D:4)
  An adder skeleton (D:8)
  An adder zombie (D:7)
  3 worms (D:3)
  5 giant geckos
  56 orcs
  4 ball pythons
  4 giant cockroaches
  5 goblins
  6 hobgoblins
  8 jackals (D:4)
  5 quokkas
  A ball python skeleton (D:4)
  18 bats
  A giant gecko skeleton (D:8)
  4 giant newts
  2 goblin zombies (Ossuary)
  7 hobgoblin zombies (Ossuary)
  2 jackal zombies
  18 kobolds
  12 kobold zombies (Ossuary)
  9 orc zombies (Ossuary)
  2 quokka zombies
  13 rats
  2 rat zombies (Ossuary)
  A fungus (D:11)
421 creatures vanquished.

Vanquished Creatures (collateral kills)
  A centaur zombie (D:13)
1 creature vanquished.

Vanquished Creatures (others)
  A centaur (D:11)
  2 white imps (D:13)
  15 fungi (D:11)
  A plant (D:11)
19 creatures vanquished.

Grand Total: 441 creatures vanquished

Notes
Turn   | Place    | Note
--------------------------------------------------------------
     0 | D:1      | deanyohobro the Minotaur Fighter began the quest for the Orb.
     0 | D:1      | Reached XP level 1. HP: 19/19 MP: 0/0
   293 | D:1      | Reached XP level 2. HP: 17/26 MP: 1/1
   708 | D:1      | Reached skill level 4 in Axes
  1149 | D:2      | Reached XP level 3. HP: 29/31 MP: 2/2
  1542 | D:2      | Noticed Terence
  1548 | D:2      | Killed Terence
  1548 | D:2      | Reached skill level 5 in Axes
  1748 | D:3      | Noticed Natasha
  1751 | D:3      | Killed Natasha
  1751 | D:3      | Reached XP level 4. HP: 39/39 MP: 3/3
  1773 | D:3      | Noticed Grinder
  1778 | D:3      | Paralysed by Grinder for 3 turns
  1781 | D:3      | Killed Grinder
  1781 | D:3      | Reached skill level 7 in Axes
  1781 | D:3      | Reached XP level 5. HP: 42/45 MP: 4/4
  1781 | D:3      | Reached XP level 6. HP: 47/51 MP: 5/5
  2105 | D:3      | Noticed Natasha
  2111 | D:3      | Killed Natasha
  2124 | D:3      | Reached skill level 8 in Axes
  2271 | D:3      | Noticed Ijyb
  2281 | D:3      | Killed Ijyb
  3332 | D:4      | Reached skill level 9 in Axes
  3401 | D:4      | Reached XP level 7. HP: 39/57 MP: 6/6
  3805 | D:4      | Reached skill level 10 in Axes
  4471 | D:5      | Entered Level 5 of the Dungeon
  4516 | D:5      | Upgraded the game from 0.18-a0-824-g47fe746 to 0.18-a0-844-g9229740
  4866 | D:5      | Noticed Prince Ribbit
  5042 | D:5      | Killed Prince Ribbit
  5042 | D:5      | Reached skill level 5 in Fighting
  5042 | D:5      | Reached skill level 11 in Axes
  5042 | D:5      | Reached XP level 8. HP: 56/69 MP: 7/7
  6268 | D:6      | Noticed Eustachio
  6301 | D:6      | Killed Eustachio
  6301 | D:6      | Reached skill level 12 in Axes
  6366 | D:6      | Reached XP level 9. HP: 78/80 MP: 8/8
  6466 | D:6      | Found a sand-covered staircase.
  6549 | Ossuary  | Entered an ossuary
  6549 | Ossuary  | Noticed herpmino's ghost (novice FoFi)
  6557 | Ossuary  | Killed herpmino's ghost
  7047 | D:6      | Reached skill level 5 in Armour
  7454 | D:7      | Found a staircase to the Ecumenical Temple.
  7464 | D:7      | Noticed Menkaure
  7470 | D:7      | Killed Menkaure
  7536 | Temple   | Entered the Ecumenical Temple
  7665 | Temple   | Became a worshipper of the Shining One
  7948 | D:7      | Reached skill level 5 in Dodging
  7982 | D:7      | Noticed Dowan
  7984 | D:7      | Noticed Duvessa
  7993 | D:7      | Killed Duvessa
  7996 | D:7      | Killed Dowan
  8276 | D:8      | Reached XP level 10. HP: 83/92 MP: 9/9
  8480 | D:8      | Reached * piety under the Shining One
  8480 | D:8      | Reached skill level 10 in Fighting
  9387 | D:9      | Noticed Gorice's ghost (novice FeWn)
  9424 | D:9      | Killed Gorice's ghost
  9716 | D:9      | Reached ** piety under the Shining One
  9953 | D:9      | Found a basalt altar of Yredelemnul.
  9954 | D:9      | Found an iron altar of Okawaru.
 10083 | D:10     | Entered Level 10 of the Dungeon
 10276 | D:10     | Found a huge runed gate.
 10277 | D:10     | Found a huge runed gate.
 10278 | D:10     | Found a huge runed gate.
 10279 | D:10     | Noticed a death yak
 10279 | D:10     | Found a huge runed gate.
 10280 | D:10     | Noticed a griffon
 10282 | D:10     | Noticed a griffon
 10364 | D:10     | Noticed a hill giant
 10378 | D:10     | Killed a hill giant
 10924 | D:10     | Reached XP level 11. HP: 101/101 MP: 10/10
 10966 | D:10     | Reached *** piety under the Shining One
 11127 | D:10     | Noticed a hill giant
 11134 | D:10     | Killed a hill giant
 11134 | D:10     | Reached skill level 13 in Axes
 12017 | D:10     | Reached skill level 1 in Invocations
 12601 | D:11     | Reached **** piety under the Shining One
 12915 | D:11     | Found a staircase to the Orcish Mines.
 12938 | D:11     | Found a roughly hewn altar of Beogh.
 13253 | D:11     | Found a staircase to the Lair.
 13542 | D:12     | Reached skill level 5 in Shields
 13690 | D:12     | Reached skill level 5 in Invocations
 13819 | D:12     | Noticed a tengu warrior
 13843 | D:12     | Killed a tengu warrior
 14217 | D:12     | Reached skill level 14 in Axes
 14217 | D:12     | Reached XP level 12. HP: 108/108 MP: 15/15
 14990 | D:12     | Found a portal to a secret trove of treasure.
 15134 | D:13     | Found Qoosis's Armour Emporium.
 15134 | D:13     | Noticed a seven-headed hydra
 15145 | D:13     | Noticed a seven-headed hydra
 15152 | D:12     | Killed a nine-headed hydra
 15749 | D:13     | Noticed a centaur warrior
 15753 | D:13     | Noticed a salamander stormcaller
 15758 | D:13     | Noticed a rakshasa
 16156 | D:12     | Killed a seven-headed hydra
 16217 | D:13     | Noticed a fire dragon
 16253 | D:12     | Killed from afar by a fire dragon

Vault maps used:
D:1:      minmay_arrival_three_doors
D:2:      uniq_terence
D:3:      forest_paths, uniq_iyjb, uniq_natasha, uniq_grinder
D:4:      first_bread
D:5:      uniq_prince_ribbit1
D:6:      nicolae_ossuary_entry_monument, grunt_ministairs_7,
          hangedman_abyss_or_decor_passed, uniq_eustachio
D:7:      minmay_temple_entry_junction2, the_bakery,
          minmay_misc_feat_four_crosses, minmay_misc_feat_diagonals,
          uniq_menkaure, uniq_duvessa
D:9:      minitemple, minmay_tree_intersection
D:10:     lemuel_bear_cage, hangedman_weighted_door, small_chamber_with_monster
D:11:     grunt_lair_entry_orc_guard_hut, david_orc_5, small_statue_alley_a,
          minmay_holes, hex_large
D:12:     enter_trove_3, hangedman_corner_corridor
D:13:     minmay_dotted_concentric_squares, grunt_vaults_entry_tiered,
          serial_ice, serial_ice_i, serial_ice_f, serial_ice_m, serial_ice_g,
          portal_ice_cave_entry_imps, serial_shops, shop_fountains, shop,
          nicolae_shop_overgrown_old_shop, nicolae_shop_crystal
Temple:   kilobyte_greek_temple_18
Ossuary:  ossuary_tomb_1

Action                   |  1- 3 |  4- 6 |  7- 9 | 10-12 || total
-------------------------+-------+-------+-------+-------++-------
Melee: War axe           |    69 |    88 |   430 |   328 ||   915
       Hand axe          |       |       |       |   339 ||   339
       Flail             |       |       |       |    39 ||    39
Throw: Tomahawk          |       |       |    36 |    17 ||    53
Invok: Divine Shield     |       |       |       |     9 ||     9
       Cleansing Flame   |       |       |       |     7 ||     7
 Abil: Evoke Flight      |       |       |       |     1 ||     1
Evoke: Wand              |       |       |       |     7 ||     7
  Use: Potion            |       |       |     2 |     7 ||     9
       Scroll            |       |       |     1 |    21 ||    22
  Eat: Chunk             |     3 |     4 |    18 |     7 ||    32
       Bread ration      |       |       |     1 |     3 ||     4
       Beef jerky        |       |       |     1 |       ||     1
       Fruit             |       |       |       |     3 ||     3
       Meat ration       |       |       |       |     1 ||     1
